 Dungeon Crawl Stone Soup version 0.25.1-2-g60ff931df9 (webtiles) character file.

Game seed: 4111286850112181923

71347 Exodus22XD the Blocker (level 14, -2/106 HPs)
             Began as a Demonspawn Gladiator on Oct 31, 2020.
             Was a Follower of Uskayaw.
             Hit by a javelin thrown by a merfolk javelineer (20 damage)
             ... on level 1 of the Shoals on Nov 7, 2020.
             The game lasted 00:57:57 (24220 turns).

Exodus22XD the Blocker (Demonspawn Gladiator)      Turns: 24220, Time: 00:58:02

Health: -2/106     AC: 31    Str: 24    XL:     14   Next: 97%
Magic:  22/22      EV: 10    Int: 17    God:    Uskayaw [*.....]
Gold:   1509       SH: 20    Dex: 19    Spells: 13/13 levels left

rFire    + + .     SeeInvis .   x - +1 spear (venom)
rCold    . . .     Gourm    .   l - +0 kite shield of Going Fast {rF- rC- MR+++ Int+8}
rNeg     . . .     Faith    .   g - +7 chain mail of Omission {-Tele rElec rF+++ Regen+}
rPois    +         Spirit   .   B - +1 hat
rElec    +         Reflect  +   o - +5 cloak "Suwk" {+Inv Stlth+}
rCorr    +         Harm     .   O - +0 pair of gloves
MR       ++++.     NoTele   +   i - +0 pair of boots of Hide-and-Seek {rC+} (curse)
Stlth    ++++......             u - amulet of reflection
HPRegen  0.67/turn              N - +6 ring of strength
MPRegen  0.18/turn              X - ring of poison resistance

@: no status effects
A: talons 2, yellow scales 3, agile 1, nightstalker 1, spiny 2
a: Stomp, Renounce Religion, Evoke Invisibility


You were on level 1 of the Shoals.
You worshipped Uskayaw.
Uskayaw was aware of your devotion.
You were hungry.

You visited 4 branches of the dungeon, and saw 20 of its levels.
You also visited: Ossuary and Gauntlet.

You collected 1509 gold pieces.

Inventory:

Hand Weapons
 a - a +0 trident
 x - a +1 spear of venom (weapon)
Armour
 g - the +7 chain mail of Omission (worn) {-Tele rElec rF+++ Regen+}
   (You found it on level 6 of the Lair of Beasts)

   It renders you almost immune to fire.
   It insulates you from electricity.
   It prevents most forms of teleportation.
   It increases your rate of regeneration.
 i - the cursed +0 pair of boots of Hide-and-Seek (worn) {rC+}
   (You found it on level 9 of the Dungeon)

   It protects you from cold.
   It has a curse placed upon it.
 l - the +0 kite shield of Going Fast (worn) {rF- rC- MR+++ Int+8}
   (You took it off a minotaur in a Gauntlet)

   It affects your intelligence (+8).
   It makes you vulnerable to fire.
   It makes you vulnerable to cold.
   It affects your resistance to hostile enchantments.
 m - the +8 steam dragon scales of Wisdom {rPois rF+ Dex-4 Stlth+}
   (You took it off a minotaur in a Gauntlet)

   It affects your dexterity (-4).
   It protects you from fire.
   It protects you from poison.
   It makes you more stealthy.
 o - the +5 cloak "Suwk" (worn) {+Inv Stlth+}
   (You found it in a Gauntlet)

   It lets you turn invisible.
   It makes you more stealthy.
 p - the cursed +1 robe of the Demon Prince {Dex+3 Stlth-, unknown}
   (You found it in a Gauntlet)

   It affects your dexterity (+3).
   It makes you less stealthy.
   It has a curse placed upon it.
 w - +2 fire dragon scales
 B - a +1 hat (worn)
 O - a +0 pair of gloves (worn)
Jewellery
 h - an uncursed ring of fire
 q - a +6 ring of strength
 u - an amulet of reflection (around neck)
 H - an uncursed ring of protection from magic
 N - a +6 ring of strength (left hand)
 S - the ring of Pexiev {Fire rPois}
   (You found it in a Gauntlet)

   [ring of fire]

   It enhances your fire magic.
   It protects you from fire.
   It makes you vulnerable to cold.
   It protects you from poison.
 X - a ring of poison resistance (right hand)
Wands
 z - a wand of acid (3)
 E - a wand of enslavement (18)
 I - a wand of flame (69)
 L - a wand of paralysis (19)
 R - a wand of iceblast (16)
Scrolls
 b - 8 scrolls of remove curse
 c - a scroll of brand weapon
 n - 5 scrolls of enchant weapon
 s - 3 scrolls of teleportation
 y - a scroll of fog
 D - 4 scrolls of enchant armour
 G - 2 scrolls of silence
 K - 6 scrolls of magic mapping
 M - 2 scrolls of immolation
 P - 2 scrolls of fear
 V - 3 scrolls of blinking
 Y - a scroll of noise
Potions
 e - 7 potions of curing
 j - 3 potions of mutation
 k - 5 potions of flight
 r - a potion of ambrosia
 t - 4 potions of brilliance
 v - 2 potions of haste {unknown}
 A - 3 potions of resistance
 C - 2 potions of magic {unknown}
 F - 2 potions of lignification {unknown}
 J - 2 potions of might {unknown}
 Q - 2 potions of degeneration {unknown}
 T - 6 potions of stabbing {unknown}
 U - a potion of berserk rage
Comestibles
 f - 22 rations
 Z - 12 chunks of flesh


   Skills:
 + Level 8.5 Fighting
 + Level 11.5 Polearms
 - Level 1.7 Throwing
 + Level 7.4 Armour
 - Level 3.2 Dodging
 + Level 10.2 Stealth
 * Level 14.4 Shields
 * Level 11.6 Invocations
 + Level 0.7 Evocations


You had 13 spell levels left.
You didn't know any spells.
Your spell library contained the following spells:

 Spells                   Type           Power        Failure   Level  Hunger
 Animate Skeleton         Necr           N/A          83%         1    ##.....
 Infusion                 Chrm           #...         83%         1    ##.....
 Pain                     Necr           #...         83%         1    ##.....
 Sandblast                Erth           #.....       83%         1    ##.....
 Summon Small Mammal      Summ           #...         83%         1    ##.....
 Blink                    Tloc           N/A          92%         2    ###....
 Call Imp                 Summ           #.......     92%         2    ###....
 Passwall                 Tmut/Erth      #.......     92%         2    ###....
 Shroud of Golubria       Chrm/Tloc      #.....       92%         2    ###....
 Slow                     Hex            #.......     92%         2    ###....
 Song of Slaying          Chrm           #.......     92%         2    ###....
 Swiftness                Chrm/Air       #.......     92%         2    ###....
 Call Canine Familiar     Summ           #.......     99%         3    ####...
 Gell's Gravitas          Tloc           #.........   99%         3    ####...
 Ignite Poison            Fire/Tmut/Pois #.......     99%         3    ####...
 Lesser Beckoning         Tloc           #.........   99%         3    ####...
 Ozocubu's Armour         Chrm/Ice       #.......     99%         3    ####...
 Portal Projectile        Hex/Tloc       #.....       99%         3    ####...
 Spectral Weapon          Hex/Chrm       #.......     99%         3    ####...
 Stone Arrow              Conj/Erth      #.....       99%         3    ####...
 Summon Guardian Golem    Hex/Summ       #.......     99%         3    ####...
 Teleport Other           Tloc           #.......     99%         3    ####...
 Vampiric Draining        Necr           #.........   99%         3    ####...
 Animate Dead             Necr           N/A          100%        4    #####..
 Passage of Golubria      Tloc           N/A          100%        4    #####..
 Petrify                  Tmut/Erth      #.......     100%        4    #####..
 Summon Ice Beast         Ice/Summ       #.......     100%        4    #####..
 Summon Lightning Spire   Summ/Air       #.......     100%        4    #####..
 Agony                    Necr           #.......     100%        5    ######.
 Fireball                 Conj/Fire      #.........   100%        5    ######.
 Lee's Rapid Deconstruct  Erth           #.........   100%        5    ######.
 Yara's Violent Unravell  Hex/Tmut       #.........   100%        5    ######.
 Darkness                 Hex            #.........   100%        6    #######
 Invisibility             Hex            #.......     100%        6    #######
 Starburst                Conj/Fire      #.........   100%        6    #######
 Ring of Flames           Chrm/Fire      #.........   100%        7    #######
 Ignition                 Fire           #.........   100%        8    #######


Dungeon Overview and Level Annotations

Branches:
Dungeon (12/15)            Temple (1/1) D:5            Lair (6/6) D:10
 Shoals (1/4) Lair:4       Spider (0/4) Lair:4        Slime (0/5) Lair:6
    Orc (0/2) D:9         Ossuary (visited)         Gauntlet (visited)

Altars:
Ashenzari
Cheibriados
Dithmenos
Elyvilon
Fedhas
Gozag
Hepliaklqana
Kikubaaqudgha
Makhleb
Nemelex Xobeh
Okawaru
Qazlal
Ru
Sif Muna
Trog
Uskayaw
Vehumet
Wu Jian
Xom
Yredelemnul
Zin
The Shining One
Jiyva

Shops:
D:8 *


Innate Abilities, Weirdness & Mutations

You have razor-sharp toenails.
You are completely covered in yellow scales. (AC +4, rCorr)
You are slightly more attuned to the shadows.
You are mostly covered in sharp spines.
You are agile. (Dex +2)


Message History

Okay, then.
You are feeling hungry.
You hit the merfolk javelineer.
The merfolk javelineer looks as sick as possible!
The merfolk javelineer is moderately wounded.
You puncture the merfolk javelineer!
The merfolk javelineer looks as sick as possible!
The merfolk javelineer is moderately wounded.
The merfolk javelineer throws a javelin.
The javelin pierces through you but does no damage.
Okay, then.
Aiming: Corrosive Bolt
Press: ? - help, Shift-Dir - straight line The bolt of acid hits the merfolk javelineer!
The merfolk javelineer is splashed with acid!
The acid corrodes the merfolk javelineer!
The merfolk javelineer is severely wounded.
The merfolk javelineer throws a javelin.
The javelin pierces through you!!
You die...

≈≈≈≈≈≈≈≈≈≈≈.................≈≈≈≈≈
≈≈≈≈≈≈≈≈≈≈≈...≈......###..≈..≈≈≈≈
≈≈≈≈≈≈≈≈≈≈.......##### #....≈≈≈≈≈
≈≈≈≈≈≈≈≈≈≈.(....## ###....≈≈≈≈≈
≈≈≈≈≈≈..≈..)....# #......)≈≈≈≈≈
≈≈........(†...####......≈≈≈≈≈≈≈
≈≈........(.......≈≈≈≈...≈..≈≈≈≈
≈≈..#######....≈≈..≈≈≈≈..≈..≈≈≈≈
≈≈.. ####≈@.≈..≈≈≈....≈≈≈.. ≈≈≈
#..m≈....≈......... ≈≈
............#.≈..... .[...###....
......# .... ......# .≈≈ ......
..


You could see a merfolk javelineer (extremely poisoned, corroded).

Vanquished Creatures
  Kirke (Lair:5)
  A minotaur (Gauntlet)
  A merfolk impaler (Shoals:1)
  3 hydras
  5 catoblepae
  2 two-headed ogres
  15 death yaks
  A thrashing horror (Gauntlet)
  2 unseen horrors (D:10)
  A death drake (Gauntlet)
  Pikel (D:6)
  A spectral wolf spider (Gauntlet)
  5 harpies (Shoals:1)
  2 ugly things (D:11)
  4 oklob plants (Lair:5)
  4 manticores
  2 spectral centaurs (Gauntlet)
  A cyclops (Shoals:1)
  11 elephants
  4 fauns (Shoals:1)
  A merfolk siren (Shoals:1)
  4 black mambas
  A torpor snail (Lair:6)
  12 spiny frogs
  5 komodo dragons
  A rime drake (Lair:2)
  A demonic crawler (Lair:4)
  2 kobold demonologists (D:11)
  A merfolk (Shoals:1)
  2 trolls (D:11)
  A wind drake (Shoals:1)
  24 blink frogs
  18 dream sheep
  7 hippogriffs
  2 wyverns
  54 yaks
  2 basilisks
  2 hogs (Lair:5)
  4 hungry ghosts
  3 wargs (D:10)
  2 swamp worms (Gauntlet)
  A two-headed ogre zombie (D:9)
  16 water moccasins
  4 porcupines
  5 sky beasts
  4 orc warriors
  3 phantoms
  4 ice beasts
  6 ogres
  2 necrophages
  3 wolves (Lair:3)
  3 centaurs
  10 crocodiles
  Blork the orc (D:6)
  4 big kobolds
  13 bullfrogs
  2 wyvern zombies (D:10)
  2 scorpions
  2 troll zombies (D:9)
  13 killer bees
  3 howler monkeys
  2 jellies
  4 crimson imps
  A bullfrog zombie (D:11)
  3 centaur skeletons
  3 centaur zombies
  A hound (D:10)
  6 orc priests
  Terence (D:3)
  6 iguanas
  8 orc wizards
  7 hell rats (Lair:6)
  8 worker ants
  5 ogre zombies (D:9)
  2 hound skeletons
  2 mummies (Ossuary)
  Robin (D:3)
  A howler monkey skeleton (D:7)
  A howler monkey zombie (D:7)
  4 gnolls (D:5)
  13 adders
  A shadow imp (D:8)
  An ooze (D:4)
  2 adder zombies
  2 adder skeletons (D:4)
  5 worms
  4 dart slugs
  6 leopard geckos
  27 orcs
  14 giant cockroaches
  4 gnoll zombies (Ossuary)
  14 goblins
  10 hobgoblins
  15 jackals
  22 kobolds
  4 quokkas
  A ball python (D:1)
  9 bats
  6 frilled lizards
  5 goblin zombies
  A hobgoblin skeleton (D:9)
  4 hobgoblin zombies
  A leopard gecko zombie (D:6)
  4 orc skeletons (D:9)
  19 orc zombies
  A quokka zombie (D:7)
  7 rats
  A rat zombie (D:7)
  A fungus (Lair:1)
587 creatures vanquished.

Vanquished Creatures (collateral kills)
  A thrashing horror (Gauntlet)
  3 small abominations (Gauntlet)
4 creatures vanquished.

Vanquished Creatures (others)
  A human (Lair:5)
  A worker ant (D:6)
  2 leopard geckos (D:6)
  An orc (D:7)
  2 giant cockroaches (D:6)
  A kobold (D:11)
  A ball python (D:6)
  A quokka skeleton (D:6)
  A fungus (Lair:6)
  10 plants
  2 withered plants (Gauntlet)
23 creatures vanquished.

Grand Total: 614 creatures vanquished

Notes
Turn   | Place    | Note
-------+----------+-------------------------------------------
     0 | D:1      | Exodus22XD the Demonspawn Gladiator began the quest for the
                  | Orb.
     0 | D:1      | Reached XP level 1. HP: 16/16 MP: 1/1
   145 | D:1      | Gained mutation: You have sharp toenails. [demonic
                  | ancestry]
   145 | D:1      | Reached XP level 2. HP: 21/23 MP: 2/2
   975 | D:1      | Reached XP level 3. HP: 28/28 MP: 3/3
  1087 | D:2      | Found a shimmering blue altar of Sif Muna.
  1678 | D:2      | Gained mutation: You are partially covered in sharp spines.
                  | [demonic ancestry]
  1678 | D:2      | Reached XP level 4. HP: 28/34 MP: 4/4
  2262 | D:3      | Reached skill level 1 in Armour
  2392 | D:3      | Found an ancient bone altar of Kikubaaqudgha.
  2393 | D:3      | Found a blossoming altar of Fedhas.
  2430 | D:3      | Found a glowing silver altar of Zin.
  2533 | D:3      | Found a radiant altar of Vehumet.
  2564 | D:3      | Noticed Terence
  2574 | D:3      | Gained mutation: You have razor-sharp toenails. [demonic
                  | ancestry]
  2574 | D:3      | Reached XP level 5. HP: 37/40 MP: 5/5
  2585 | D:3      | Killed Terence
  2727 | D:3      | Noticed Robin
  2766 | D:3      | Killed Robin
  2766 | D:3      | Reached skill level 1 in Stealth
  2766 | D:3      | Reached skill level 1 in Shields
  3454 | D:4      | Reached XP level 6. HP: 46/46 MP: 6/6
  3680 | D:4      | Reached skill level 2 in Shields
  4092 | D:5      | Entered Level 5 of the Dungeon
  4095 | D:5      | Reached skill level 5 in Polearms
  4119 | D:5      | Found a staircase to the Ecumenical Temple.
  4130 | Temple   | Entered the Ecumenical Temple
  4403 | D:5      | Reached XP level 7. HP: 45/52 MP: 7/7
  4511 | D:5      | Reached skill level 3 in Shields
  5086 | D:6      | Found an opulent altar of Gozag.
  5113 | D:6      | Gained mutation: You are mostly covered in sharp spines.
                  | [demonic ancestry]
  5113 | D:6      | Reached XP level 8. HP: 54/58 MP: 8/8
  5170 | D:6      | Noticed Pikel
  5190 | D:6      | Killed Pikel
  5190 | D:6      | Reached skill level 4 in Shields
  5313 | D:6      | Reached skill level 5 in Shields
  5484 | D:6      | Noticed Blork the orc
  5496 | D:6      | Killed Blork the orc
  5898 | D:7      | Gained mutation: You are partially covered in yellow
                  | scales. (AC +2) [demonic ancestry]
  5898 | D:7      | Reached XP level 9. HP: 30/65 MP: 9/9
  5913 | D:7      | Reached skill level 6 in Shields
  5924 | D:7      | Found a sand-covered staircase.
  5972 | Ossuary  | Entered an ossuary
  6722 | D:7      | Reached skill level 7 in Shields
  6963 | D:7      | Found a stormy altar of Qazlal.
  7503 | D:8      | Noticed a two-headed ogre
  7521 | D:8      | Killed a two-headed ogre
  7521 | D:8      | Reached skill level 5 in Fighting
  7521 | D:8      | Reached skill level 8 in Shields
  7521 | D:8      | Reached XP level 10. HP: 46/74 MP: 10/10
  7836 | D:8      | Found Wuixt's Assorted Antiques.
  8445 | D:9      | Found a sparkling altar of Nemelex Xobeh.
  8469 | D:9      | Got a pair of fading boots
  8475 | D:9      | Identified the cursed +0 pair of boots of Hide-and-Seek
                  | {rC+} (You found it on level 9 of the Dungeon)
  8714 | D:9      | Found a hazy altar of Hepliaklqana.
  8833 | D:9      | Reached skill level 5 in Armour
  8842 | D:9      | Found a staircase to the Orcish Mines.
  8984 | D:9      | Reached skill level 9 in Shields
  9251 | D:9      | Found a hide-covered altar of Uskayaw.
  9251 | D:9      | Found a sacrificial altar of Ru.
  9251 | D:9      | Found an iron altar of Okawaru.
  9303 | D:9      | Became a worshipper of Uskayaw the Reveler
  9412 | D:9      | Reached * piety under Uskayaw
  9417 | D:9      | Reached ** piety under Uskayaw
  9667 | D:10     | Entered Level 10 of the Dungeon
  9771 | D:10     | Reached *** piety under Uskayaw
  9781 | D:10     | Reached **** piety under Uskayaw
  9785 | D:10     | Killed an unseen horror
  9785 | D:10     | Reached skill level 1 in Invocations
  9810 | D:10     | Found a staircase to the Lair.
  9839 | D:10     | Reached ***** piety under Uskayaw
  9854 | D:10     | Gained mutation: You are slightly more attuned to the
                  | shadows. [demonic ancestry]
  9854 | D:10     | Reached XP level 11. HP: 42/81 MP: 3/13
 10905 | D:10     | Killed an unseen horror
 11108 | D:10     | Got a transparent brass ring
 11114 | D:10     | Identified the ring of Yska {*Corrode +Fly Str+2 Int+9}
                  | (You found it on level 10 of the Dungeon)
 11298 | D:11     | Reached skill level 10 in Shields
 11449 | D:11     | Noticed a brown ugly thing
 11472 | D:11     | Killed a brown ugly thing
 11698 | D:11     | Found an ornate altar of the Wu Jian Council.
 11974 | D:11     | Reached skill level 5 in Invocations
 11976 | D:11     | Reached skill level 5 in Stealth
 12146 | D:11     | Noticed a two-headed ogre
 12275 | D:11     | Noticed a cyan ugly thing
 12297 | D:11     | Killed a cyan ugly thing
 12465 | D:11     | Killed a two-headed ogre
 13076 | Lair:1   | Entered Level 1 of the Lair of Beasts
 13128 | Lair:1   | Reached skill level 11 in Shields
 13730 | Lair:1   | Reached XP level 12. HP: 27/89 MP: 16/16
 14650 | Lair:2   | Found an ancient bone altar of Kikubaaqudgha.
 15228 | Lair:2   | Noticed a death yak
 15230 | Lair:2   | Noticed a death yak
 15238 | Lair:2   | Noticed a death yak
 15275 | Lair:2   | Killed a death yak
 15623 | Lair:2   | Noticed a catoblepas
 15697 | Lair:1   | Killed a death yak
 15697 | Lair:1   | Reached skill level 10 in Polearms
 15768 | Lair:2   | Killed a death yak
 15807 | Lair:2   | Killed a catoblepas
 16669 | Lair:3   | Found a gate leading to a gauntlet.
 16674 | Gauntlet | Entered a Gauntlet
 16676 | Gauntlet | Found the ring of the Mage {Wiz MR++ Int+3}
 16681 | Gauntlet | Found a transporter.
 16681 | Gauntlet | Found a large runed translucent door.
 16682 | Gauntlet | Found a transporter.
 16682 | Gauntlet | Found a large runed translucent door.
 16683 | Gauntlet | Found a large runed translucent door.
 16683 | Gauntlet | Found a large runed translucent door.
 16685 | Gauntlet | Found a large runed translucent door.
 16685 | Gauntlet | Found a large runed translucent door.
 16686 | Gauntlet | Found a large runed translucent door.
 16686 | Gauntlet | Found a large runed translucent door.
 16693 | Gauntlet | Found a transporter.
 16693 | Gauntlet | Found a transporter.
 16704 | Gauntlet | Found a transporter.
 16757 | Gauntlet | Found a transporter.
 16777 | Gauntlet | Found a transporter.
 16792 | Gauntlet | Found a transporter.
 16796 | Gauntlet | Found a transporter.
 16798 | Gauntlet | Found a large runed translucent door.
 16799 | Gauntlet | Found a large runed translucent door.
 16800 | Gauntlet | Found a large runed translucent door.
 16800 | Gauntlet | Found a large runed translucent door.
 16800 | Gauntlet | Found a runed translucent door.
 16801 | Gauntlet | Found a large runed translucent door.
 16802 | Gauntlet | Found a large runed translucent door.
 16803 | Gauntlet | Found a large runed translucent door.
 16803 | Gauntlet | Found a large runed translucent door.
 16804 | Gauntlet | Found a runed translucent gate.
 16804 | Gauntlet | Found a runed translucent gate.
 16806 | Gauntlet | Found a transporter.
 16810 | Gauntlet | Found a transporter.
 16825 | Gauntlet | Found a transporter.
 16992 | Gauntlet | Got a smoking silver ring
 17150 | Gauntlet | Identified the ring of Pexiev {Fire rPois} (You found it in
                  | a Gauntlet)
 17174 | Gauntlet | Reached skill level 12 in Shields
 17183 | Gauntlet | Got a scorched cloak
 17199 | Gauntlet | Identified the +5 cloak "Suwk" {+Inv Stlth+} (You found it
                  | in a Gauntlet)
 17457 | Gauntlet | Identified the +8 steam dragon scales of Wisdom {rPois rF+
                  | Dex-4 Stlth+}
 17457 | Gauntlet | Identified the +0 kite shield of Going Fast {rF- rC- MR+++
                  | Int+8}
 17457 | Gauntlet | Noticed a minotaur
 17489 | Gauntlet | Gained mutation: You are agile. (Dex +2) [mutagenic glow]
 17513 | Gauntlet | Killed a minotaur
 17554 | Gauntlet | Identified the Tome of Intuition
 17559 | Gauntlet | Got a faintly glowing robe
 17801 | Lair:3   | Gained mutation: You are mostly covered in yellow scales.
                  | (AC +3) [demonic ancestry]
 17801 | Lair:3   | Reached XP level 13. HP: 90/96 MP: 19/19
 18795 | Lair:4   | Found a staircase to the Shoals.
 20253 | Lair:4   | Found a hole to the Spider Nest.
 20783 | Lair:5   | Noticed Kirke
 20803 | Lair:5   | Killed Kirke
 20803 | Lair:5   | Reached skill level 13 in Shields
 20803 | Lair:5   | Reached skill level 10 in Invocations
 20819 | Lair:5   | Reached ****** piety under Uskayaw
 21642 | Lair:6   | Entered Level 6 of the Lair of Beasts
 21737 | Lair:6   | Gained mutation: You are completely covered in yellow
                  | scales. (AC +4, rCorr) [demonic ancestry]
 21737 | Lair:6   | Reached XP level 14. HP: 104/104 MP: 21/21
 22347 | Lair:6   | Reached skill level 10 in Stealth
 22696 | Lair:6   | Found a staircase to the Slime Pits.
 22696 | Lair:6   | Found a viscous altar of Jiyva.
 22749 | Lair:6   | Got a heavily runed chain mail
 22760 | Lair:6   | Identified the +7 chain mail of Omission {-Tele rElec rF+++
                  | Regen+} (You found it on level 6 of the Lair of Beasts)
 23095 | Lair:6   | Reached skill level 14 in Shields
 23789 | Shoals:1 | Entered Level 1 of the Shoals
 24220 | Shoals:1 | Hit by a javelin thrown by a merfolk javelineer

Illustrated notes

Levels and vault maps discovered:
D:1:      lightli_arrival_maybe_door_vault, layout_basic
D:2:      layout_basic, nicolae_overflow_crystal_walls, first_ration
D:3:      layout_rooms, grunt_temple_overflow_growth_and_decay,
          lemuel_round_altar, zin_statuary, patterned_corridor, uniq_terence,
          uniq_robin
D:4:      layout_loops_cross
D:5:      layout_cave_pools, minmay_temple_entry_slanted
D:6:      layout_basic, kennysheep_mini_moat, minmay_misc_feat_nine_boxes,
          uniq_blork_the_orc, uniq_pikel
D:7:      layout_cave_pools, nicolae_overflow_hidden_temple, serial_bayou,
          serial_bayou_pond_b, serial_bayou_shore_b, serial_bayou_ford_a,
          serial_bayou_pond_a, enter_ossuary_4
D:8:      layout_basic, serial_shops, nicolae_shop_trees
D:9:      layout_long_grid, lemuel_round_altar,
          nemelex_xobeh_ov_fountains_minmay,
          gammafunk_temple_overflow_forgotten, zombieorc2_lemuel
D:10:     layout_basic, erik_lair_orcish_takeover
D:11:     layout_basic, portal_ice_cave_entry_pillars_1, basic_altar
D:12:     layout_big_octagon, uniq_josephine
Temple:   dpeg_chambers_temple
Lair:1:   layout_loops_ring, serial_bayou_lagoon_a
Lair:2:   wander_river, layout_big_grid, basic_altar, grunt_megastairs_4
Lair:3:   layout_cellular_growth, gauntlet_entry_generic
Lair:4:   layout_regular_city, minmay_shoals_entry_beasts,
          nicolae_spider_entry_non_spiders, minmay_shattered_shrine
Lair:5:   layout_regular_city, minmay_lair_oklob_chamber, grunt_megastairs_1,
          uniq_kirke
Lair:6:   evilmike_catoblepas_cave, layout_gridlike, slime_altar_1
Shoals:1: layout_shoals, nicolae_shoals_wave_tunnel

Skill      XL: |  1  2  3  4  5  6  7  8  9 10 11 12 13 14 |
---------------+-------------------------------------------+-----
Polearms       | 3 4 5 6 8 9 10 11 | 11.5
Dodging        | 3 |  3.2
Armour         | 1 2 3 4 5 6 7 |  7.4
Stealth        | 1 2 3 5 6 8 10 | 10.2
Shields        | 1 2 3 5 8 9 11 12 13 14 | 14.4
Fighting       | 3 4 5 6 7 8 |  8.5
Invocations    | 2 5 8 10 11 | 11.6
Throwing       | |  1.7
Evocations     | |  0.7

Action                   |  1- 3 |  4- 6 |  7- 9 | 10-12 | 13-15 || total
-------------------------+-------+-------+-------+-------+-------++-------
Melee: Trident           |   119 |   100 |       |    64 |       ||   283
       Kick              |    17 |    48 |   143 |    21 |       ||   229
       Spear             |       |    70 |   359 |  1113 |  1088 ||  2630
Throw: Throwing net      |       |       |       |     1 |       ||     1
Invok: Stomp             |       |       |       |    10 |    21 ||    31
       Line Pass         |       |       |       |     1 |     7 ||     8
 Abil: Evoke Invisibilit |       |       |       |     2 |       ||     2
Evoke: Wand              |       |       |       |     6 |     1 ||     7
  Use: Scroll            |       |     6 |     4 |    12 |     5 ||    27
       Potion            |       |     2 |       |     3 |     4 ||     9
 Stab: Sleeping          |     1 |     5 |     3 |    13 |    16 ||    38
       Paralysed         |       |       |       |    45 |    90 ||   135
       Distracted        |       |       |       |     2 |     2 ||     4
       Confused          |       |       |       |     2 |     4 ||     6
       Invisible         |       |       |       |     2 |       ||     2
       Petrified         |       |       |       |     1 |     6 ||     7
  Eat: Chunk             |     3 |     7 |    13 |    18 |    18 ||    59
       Ration            |       |       |       |     7 |     2 ||     9
Armor: Leather armour    |     9 |       |       |       |       ||     9
       Ring mail         |    24 |    45 |    52 |     1 |       ||   122
       Scale mail        |       |       |       |   156 |       ||   156
       Steam dragon scal |       |       |       |     5 |   174 ||   179
       Chain mail        |       |       |       |       |    82 ||    82
Dodge: Dodged            |    68 |    35 |    68 |   162 |   225 ||   558
Block: Other             |       |     8 |       |       |       ||     8
       Kite shield       |       |    67 |   187 |   577 |   635 ||  1466
       Reflection        |       |     4 |     5 |    17 |    19 ||    45
